AoeStats
← sky_wu

Arena

510262740Analyzed
4v4 RM · 1d ago on Sep 30, 2026· 55m 40s· 8 players
Game mode
Random Map
Map size
Large (8 player)
Population
200
Speed
Normal
Resources
Standard
Victory
Conquest
Starting age
Dark Age
Ending age
Imperial Age
RankedLock teamsTeams togetherTeam positionsShared explorationLock speedFull tech treeHidden civsTurbo modeCheats
Victory
Defeat
🇲🇽 Turks · Mexico
1157
+14
🇲🇽 Persians · Mexico
1144
+15
🇲🇽 Danes · Mexico
1114
+16
🇲🇽 Bohemians · Mexico
1074
+18
🇯🇵 Britons · Japan
1158
-17
🇦🇺 Portuguese · Australia
1117
-16
🇹🇼 Bengalis · Taiwan
1115
-16
🇦🇺 Magyars · Australia
1083
-14
sada-aki
8:19 Loom
10:33 Feudal Age
11:22 Double-Bit Axe
11:48 Horse Collar
15:40 Castle Age
16:37 Bow Saw
18:53 Gold Mining
22:08 Fletching
22:49 Crossbowman
23:50 Stone Mining
24:19 Bodkin Arrow
24:33 Padded Archer Armor
25:00 Ballistics
25:41 Leather Archer Armor
29:07 Yeomen
34:38 Imperial Age
35:15 Gold Shaft Mining
34:35 Treadmill Crane
35:09 Arbalester
35:53 Bracer
36:14 Heavy Scorpion
38:49 Chemistry
38:53 Ring Archer Armor
40:02 Siege Engineers
43:21 Conscription
hiimynameisdale
7:08 Loom
11:21 Feudal Age
15:54 Castle Age
14:22 Double-Bit Axe
33:18 Imperial Age
34:51 Forging
34:47 Scale Barding Armor
35:35 Bloodlines
35:36 Husbandry
35:59 Horse Collar
38:08 Bow Saw
43:23 Cavalier
44:36 Heavy Plow
45:24 Iron Casting
46:30 Conscription
47:31 Chain Barding Armor
54:24 Wheelbarrow
53:35 Town Watch
sky_wu
1:28 Loom
10:21 Feudal Age
16:33 Castle Age
14:59 Double-Bit Axe
14:55 Horse Collar
19:46 Bow Saw
22:45 Gold Mining
27:18 Husbandry
34:35 Gold Shaft Mining
38:18 Elite Skirmisher
41:57 Imperial Age
42:03 Imperial Age
41:16 Scale Barding Armor
41:21 Forging
42:53 Ballistics
43:37 Stone Mining
44:27 Mahayana
44:27 Conscription
45:02 Wheelbarrow
44:55 Bloodlines
44:52 Heavy Plow
45:56 Two-Man Saw
45:37 Paiks
46:10 Hand Cart
46:40 Chain Barding Armor
46:31 Forging
47:35 Elite Battle Elephant
necros89
7:40 Loom
11:33 Feudal Age
12:08 Double-Bit Axe
16:36 Castle Age
16:31 Scale Barding Armor
17:13 Bloodlines
18:42 Light Cavalry
19:22 Husbandry
18:42 Light Cavalry
19:14 Horse Collar
23:24 Wheelbarrow
24:05 Chain Barding Armor
25:37 Bow Saw
25:57 Husbandry
28:03 Pikeman
28:11 Light Cavalry
29:43 Gold Mining
30:43 Scale Mail Armor
32:13 Heavy Plow
32:44 Masonry
34:04 Fletching
34:34 Murder Holes
37:20 Imperial Age
38:09 Cavalier
40:42 Hand Cart
40:13 Town Watch
41:34 Two-Man Saw
40:20 Hussar
DavidMC117
11:32 Feudal Age
15:54 Castle Age
13:54 Double-Bit Axe
18:28 Bloodlines
20:10 Town Watch
27:57 Wheelbarrow
29:48 Bow Saw
30:28 Horse Collar
31:35 Gold Mining
33:56 Forging
33:52 Scale Barding Armor
36:32 Iron Casting
36:20 Chain Barding Armor
40:03 Iron Casting
43:05 Imperial Age
43:35 Gold Shaft Mining
42:41 Cavalier
43:23 Husbandry
44:20 Savar
44:28 Savar
47:26 Plate Barding Armor
49:11 Hand Cart
50:00 Blast Furnace
50:03 Two-Man Saw
skorge_13
9:58 Feudal Age
10:34 Double-Bit Axe
12:44 Loom
15:45 Castle Age
28:43 Redemption
29:45 Horse Collar
33:53 Imperial Age
31:56 Scale Mail Armor
34:16 Gold Mining
35:42 Illumination
35:55 Wheelbarrow
35:04 Capped Ram
38:16 Onager
44:21 Chain Mail Armor
44:18 Forging
45:04 Conscription
44:05 Northmen's Fury
45:29 Gambesons
45:44 Squires
46:32 Siege Onager
48:57 Hand Cart
49:21 Iron Casting
49:17 Plate Mail Armor
50:56 Ballistics
51:37 Chemistry
arq_lobo
11:05 Feudal Age
15:42 Castle Age
14:58 Double-Bit Axe
15:16 Horse Collar
17:34 Fervor
19:50 Chemistry
19:33 Heavy Plow
22:07 Ballistics
23:20 Padded Archer Armor
27:58 Elite Skirmisher
30:15 Fletching
33:09 Wheelbarrow
33:31 Bodkin Arrow
34:31 Loom
36:15 Leather Archer Armor
36:22 Bow Saw
37:53 Wagenburg Tactics
38:22 Hand Cart
42:44 Imperial Age
44:24 Ring Archer Armor
43:55 Bracer
45:03 Houfnice
46:27 Forging
46:49 Pikeman
49:10 Halberdier
50:39 Scale Mail Armor
51:57 Squires
TxSoyLealxT
12:34 Feudal Age
16:36 Castle Age
20:48 Imperial Age
18:22 Double-Bit Axe
21:24 Wheelbarrow
20:56 Gold Mining
21:44 Bow Saw
26:16 Scale Barding Armor
26:21 Forging
27:47 Chain Barding Armor
31:27 Plate Barding Armor
31:29 Iron Casting
34:32 Bloodlines
35:02 Husbandry
42:02 Blast Furnace
51:41 Squires
52:05 Heavy Camel Rider
Connection lost

Rejoining the realm…

Still unreachable

The connection could not be restored.

Session expired

The server has moved on; the page needs a fresh start.